 Dungeon Crawl Stone Soup version 0.21.0-3-g78d12a8bdd (webtiles) character file.

166 GuyWithAPlan the Gusty (level 5, -6/28 HPs)
             Began as a Tengu Air Elementalist on Jan 12, 2018.
             Killed by nerve-wracking pain
             ... invoked by a shadow imp
             ... summoned by Natasha
              (14 damage)
             ... on level 2 of the Dungeon.
             The game lasted 00:10:59 (3239 turns).

GuyWithAPlan the Gusty (Tengu Air Elementalist)     Turns: 3239, Time: 00:11:01

Health: -6/28      AC:  2    Str:  8    XL:     5   Next: 47%
Magic:  0/10       EV: 13    Int: 16    God:
Gold:   51         SH:  3    Dex: 15    Spells: 6/9 levels left

rFire    . . .     SeeInvis .   i - +0 short sword (flame)
rCold    . . .     Gourm    .   (no shield)
rNeg     . . .     Faith    .   a - +0 robe
rPois    +         Spirit   .   (helmet restricted)
rElec    .         Reflect  +   (no cloak)
rCorr    .         Harm     .   (no gloves)
MR       .....                  (boots unavailable)
Stlth    ++........             e - +3 amulet of reflection
HPRegen  0.09/turn              m - ring of poison resistance
MPRegen  0.12/turn              (no ring)

@: no status effects
A: beak, talons 3, able to fly 1
a: Fly


You were on level 2 of the Dungeon.
You were not hungry.

You visited 1 branch of the dungeon, and saw 2 of its levels.

You collected 51 gold pieces.

Inventory:

Hand Weapons
 i - a +0 short sword of flaming (weapon)
Armour
 a - a +0 robe (worn)
 l - a +1 helmet
Jewellery
 e - a +3 amulet of reflection (around neck)
 m - a ring of poison resistance (left hand)
Scrolls
 f - a scroll of random uselessness
 g - a scroll of amnesia {unknown}
 h - 2 scrolls of enchant weapon {unknown}
 o - a scroll of magic mapping {unknown}
Potions
 j - a potion of degeneration
 n - a potion of flight {unknown}
Books
 b - a book of Air

   Spells                             Type                      Level
   a - Shock                          Conjuration/Air              1
   b - Swiftness                      Charms/Air                   2
   c - Static Discharge               Conjuration/Air              3
   d - Airstrike                      Air                          4
   e - Lightning Bolt                 Conjuration/Air              5
Comestibles
 c - 3 rations
 k - 4 chunks of flesh


   Skills:
 + Level 0.6 Fighting
 + Level 0.3 Short Blades
 + Level 2.5 Dodging
 + Level 2.1 Stealth
 + Level 2.9 Spellcasting
 + Level 2.7 Conjurations
 * Level 1.3 Charms
 + Level 5.6 Air Magic


You had 6 spell levels left.
You knew the following spells:

 Your Spells              Type           Power        Failure   Level  Hunger
a - Shock                 Conj/Air       ###.         3%          1    #......
b - Swiftness             Chrm/Air       ##......     7%          2    ##.....


Dungeon Overview and Level Annotations

Branches:
Dungeon (2/15)

Altars:
Makhleb

Annotations:
D:2 Natasha


Innate Abilities, Weirdness & Mutations

You have a beak for a mouth.
You have claws for feet.
You can fly.


Message History

Aiming: Shock
Press: ? - help, Shift-Dir - straight line, f/p - Natasha
Aim: Natasha (almost dead)
The zap hits the white imp.
The white imp is heavily wounded.
The zap hits the iron imp.
The iron imp appears unharmed.
The zap misses Natasha.
Natasha mumbles some strange words.
Casting: Shock
Confirm with . or Enter, or press ? or * to list all spells.
Aiming: Shock
Press: ? - help, Shift-Dir - straight line, f/p - Natasha
Aim: Natasha (almost dead)
The zap misses the white imp.
The zap hits the iron imp.
The iron imp resists.
The iron imp is lightly wounded.
The zap misses Natasha.
You block the white imp's attack. The shadow imp gestures at you.
Pain shoots through your body!
Ouch! That really hurt!
You die...

#...............).....##
#######..>............#
#...............#
#...............##
###.................
#.....5..)..........
#..#5h...............
....##5.....(#.####....
......##@................
....................####.
......#########..##..###.
..... ##.......#. ....
##.##>#... .. #....###. #
###...##. ######. ### #..


You could see an iron imp, Natasha, a white imp and a shadow imp.

Vanquished Creatures
  A hound (D:2)
  Natasha (D:2)
  3 adders
  An ooze (D:1)
  5 worms
  3 dart slugs
  A leopard gecko (D:1)
  2 ball pythons (D:1)
  5 goblins
  8 hobgoblins
  8 jackals
  2 quokkas (D:2)
  6 bats (D:1)
  2 frilled lizards
  6 kobolds
  3 rats
57 creatures vanquished.

Notes
Turn   | Place    | Note
-------+----------+-------------------------------------------
     0 | D:1      | GuyWithAPlan the Tengu Air Elementalist began the quest for the Orb.
     0 | D:1      | Reached XP level 1. HP: 10/10 MP: 4/4
   171 | D:1      | Reached XP level 2. HP: 15/15 MP: 3/6
   411 | D:1      | Learned a level 2 spell: Swiftness
   479 | D:1      | Reached XP level 3. HP: 19/19 MP: 0/7
   765 | D:1      | Reached skill level 5 in Air Magic
  1805 | D:2      | Reached XP level 4. HP: 24/24 MP: 1/8
  2524 | D:1      | Reached skill level 1 in Charms
  3107 | D:2      | Found a burning altar of Makhleb.
  3113 | D:2      | Gained mutation: You can fly. [Tengu growth]
  3113 | D:2      | Reached XP level 5. HP: 28/28 MP: 3/10
  3196 | D:2      | Noticed Natasha
  3208 | D:2      | Killed Natasha
  3231 | D:2      | Noticed Natasha
  3239 | D:2      | Killed from afar by a shadow imp

Skill      XL: |  1  2  3  4 |
---------------+-------------+-----
Air Magic      | 5 |  5.6
Charms         | 1 |  1.3
Conjurations   | 2 |  2.7
Fighting       | |  0.6
Short Blades   | |  0.3
Dodging        | |  2.5
Stealth        | |  2.1
Spellcasting   | |  2.9

Action                   |  1- 3 |  4- 6 || total
-------------------------+-------+-------++-------
Melee: Short sword       |       |    14 ||    14
       Peck              |       |     1 ||     1
 Cast: Shock             |    91 |    90 ||   181
       Swiftness         |     1 |       ||     1
  Use: Potion            |       |     1 ||     1
       Scroll            |       |     2 ||     2
  Eat: Chunk             |     4 |     5 ||     9
Armor: Robe              |     8 |     8 ||    16
Dodge: Dodged            |    21 |    41 ||    62
Block: Other             |       |     2 ||     2
